3119 views
Uploaded 2019-12-02 20:32:27
Game version 1.32.0.3 / 1.32.0.3.1
27:22 long 3on3 ladder game on (8)Mur'gulOasis_LV
Saved by BEARAND
3119 views
Uploaded 2019-12-02 20:32:27
Game version 1.32.0.3 / 1.32.0.3.1
27:22 long 3on3 ladder game on (8)Mur'gulOasis_LV


154 units @ 26.9k
/ 5.2k
53 buildings @ 9.3k
/ 4.1k

| Tiny Great Hall | 1 | 600 |
| total: | 1 | 600g |
| Peon | 18 | 1350 | / | 0 |
| Grunt | 4 | 800 | / | 0 |
| Shaman | 10 | 1300 | / | 200 |
| Tauren | 12 | 3360 | / | 960 |
| Demolisher | 7 | 1540 | / | 350 |
| total: | 51 | 8350g | / | 1510w |
| Watch Tower | 4 | 440 | / | 320 |
| Orc Burrow | 8 | 1280 | / | 320 |
| Altar of Storms | 1 | 180 | / | 50 |
| Barracks | 1 | 180 | / | 50 |
| War Mill | 1 | 205 | / | 0 |
| Great Hall | 1 | 385 | / | 185 |
| Voodoo Lounge | 1 | 130 | / | 30 |
| Spirit Lodge | 1 | 150 | / | 150 |
| Tauren Totem | 1 | 135 | / | 155 |
| Stronghold | 2 | 630 | / | 380 |
| Fortress | 1 | 325 | / | 190 |
| total: | 19 | 3085g | / | 1260w |
| 0:03 | Peon |
| 0:03 | Peon |
| 0:03 | Peon |
| 0:04 | Peon |
| 0:04 | Peon |
| 0:07 | Peon |
| 0:07 | Peon |
| 0:24 | Orc Burrow |
| 0:30 | Peon |
| 0:52 | Altar of Storms |
| 1:10 | Barracks |
| 1:26 | Orc Burrow |
| 1:47 | Peon |
| 1:47 | Peon |
| 1:48 | Peon |
| 2:10 | Orc Burrow |
| 2:22 | War Mill |
| 2:41 | Grunt |
| 2:50 | Peon |
| 2:51 | Peon |
| 2:56 | Peon |
| 3:23 | Grunt |
| 3:29 | Endurance Aura |
| 3:40 | Orc Burrow |
| 4:10 | Stronghold |
| 4:29 | Grunt |
| 4:40 | Steel Melee Weapons |
| 4:54 | Steel Armor |
| 5:15 | Grunt |
| 5:46 | War Stomp |
| 6:31 | Fortress |
| 6:36 | Spirit Lodge |
| 6:50 | Tauren Totem |
| 7:14 | Watch Tower |
| 7:16 | Watch Tower |
| 7:26 | Watch Tower |
| 7:38 | Orc Burrow |
| 8:13 | Watch Tower |
| 8:19 | Shaman Adept Training |
| 8:28 | Orc Burrow |
| 9:26 | Pulverize |
| 9:27 | Shaman Master Training |
| 9:29 | Thorium Melee Weapons |
| 9:30 | Thorium Armor |
| 9:34 | Shaman |
| 9:34 | Shaman |
| 9:41 | Shaman |
| 10:09 | Orc Burrow |
| 10:46 | Tauren |
| 10:51 | Burning Oil |
| 11:12 | Demolisher |
| 11:47 | Tauren |
| 12:15 | Demolisher |
| 12:31 | Shaman |
| 12:31 | Shaman |
| 13:19 | Tauren |
| 13:50 | Tauren |
| 13:51 | Tauren |
| 15:02 | Great Hall |
| 15:34 | Orc Burrow |
| 16:10 | Endurance Aura |
| 18:01 | Demolisher |
| 18:01 | Demolisher |
| 18:01 | Demolisher |
| 18:36 | Tauren |
| 18:36 | Tauren |
| 18:59 | Peon |
| 18:59 | Peon |
| 18:59 | Peon |
| 19:00 | Peon |
| 19:54 | Tauren |
| 19:54 | Tauren |
| 20:43 | Demolisher |
| 20:43 | Demolisher |
| 21:07 | Shaman |
| 21:08 | Shaman |
| 21:08 | Shaman |
| 21:08 | Shaman |
| 21:23 | Shaman |
| 23:20 | Voodoo Lounge |
| 23:46 | Tauren |
| 23:54 | Tauren |
| 24:17 | Tauren |
| 27:24 | Tiny Great Hall |
| Right click | 812 |
| Select | 291 |
| Chat | 205 |
| Build/train/purchase | 94 |
| Use ability | 6 |
| Minimap ping | 3 |
| Remove unit | 1 |

| Scroll of Town Portal | 2 | 700 |
| total: | 2 | 700g |
| Wisp | 20 | 1200 | / | 0 |
| Archer | 3 | 390 | / | 30 |
| Huntress | 4 | 780 | / | 80 |
| Druid of the Claw | 9 | 2295 | / | 720 |
| Dryad | 3 | 435 | / | 180 |
| Chimaera | 16 | 5280 | / | 1120 |
| total: | 55 | 10380g | / | 2130w |
| Altar of Elders | 1 | 180 | / | 50 |
| Moon Well | 7 | 1260 | / | 280 |
| Ancient of War | 2 | 300 | / | 120 |
| Hunter's Hall | 1 | 210 | / | 100 |
| Ancient of Wonders | 1 | 90 | / | 30 |
| Tree of Life | 2 | 680 | / | 370 |
| Ancient of Lore | 2 | 310 | / | 290 |
| Chimaera Roost | 2 | 280 | / | 380 |
| Tree of Ages | 1 | 320 | / | 180 |
| Tree of Eternity | 2 | 660 | / | 400 |
| total: | 18 | 3310g | / | 1620w |
| 0:02 | Wisp |
| 0:02 | Wisp |
| 0:06 | Altar of Elders |
| 0:13 | Moon Well |
| 0:16 | Wisp |
| 0:36 | Ancient of War |
| 0:38 | Wisp |
| 0:38 | Wisp |
| 0:57 | Wisp |
| 1:15 | Wisp |
| 1:15 | Wisp |
| 1:26 | Moon Well |
| 1:40 | Archer |
| 1:40 | Archer |
| 2:07 | Fan of Knives |
| 2:09 | Archer |
| 2:16 | Hunter's Hall |
| 2:19 | Wisp |
| 2:52 | Moon Well |
| 3:26 | Huntress |
| 3:26 | Huntress |
| 3:26 | Huntress |
| 4:07 | Tree of Ages |
| 4:08 | Strength of the Moon |
| 4:27 | Huntress |
| 4:52 | Shadow Strike |
| 5:21 | Strength of the Wild |
| 5:25 | Moon Well |
| 5:59 | Reinforced Hides |
| 6:03 | Moon Well |
| 6:33 | Fan of Knives |
| 6:52 | Ancient of Lore |
| 7:05 | Ancient of Lore |
| 7:23 | Ancient of Wonders |
| 7:29 | Wisp |
| 7:29 | Wisp |
| 9:19 | Druid of the Claw Adept Training |
| 9:20 | Druid of the Claw |
| 9:21 | Druid of the Claw |
| 9:21 | Druid of the Claw |
| 9:21 | Druid of the Claw |
| 9:22 | Tree of Eternity |
| 9:33 | Druid of the Claw |
| 9:36 | Dryad |
| 9:36 | Dryad |
| 9:51 | Scroll of Town Portal |
| 9:55 | Wisp |
| 9:55 | Wisp |
| 10:17 | Dryad |
| 10:24 | Tree of Eternity |
| 11:03 | Moon Well |
| 11:06 | Improved Strength of the Wild |
| 11:21 | Druid of the Claw |
| 11:21 | Druid of the Claw |
| 11:51 | Shadow Strike |
| 12:02 | Ancient of War |
| 12:32 | Improved Reinforced Hides |
| 12:49 | Druid of the Claw Master Training |
| 13:06 | Druid of the Claw |
| 13:06 | Druid of the Claw |
| 13:56 | Wisp |
| 14:00 | Tree of Life |
| 14:16 | Moon Well |
| 14:47 | Chimaera Roost |
| 14:52 | Chimaera Roost |
| 16:42 | Mark of the Claw |
| 16:44 | Chimaera |
| 16:45 | Corrosive Breath |
| 16:46 | Chimaera |
| 16:46 | Chimaera |
| 16:46 | Chimaera |
| 16:50 | Blink |
| 18:18 | Chimaera |
| 18:18 | Chimaera |
| 18:19 | Chimaera |
| 18:23 | Wisp |
| 18:23 | Wisp |
| 18:23 | Wisp |
| 18:23 | Wisp |
| 18:23 | Wisp |
| 19:55 | Chimaera |
| 19:55 | Chimaera |
| 19:55 | Chimaera |
| 20:00 | Wisp |
| 20:29 | Advanced Strength of the Wild |
| 20:31 | Chimaera |
| 21:13 | Chimaera |
| 21:53 | Scroll of Town Portal |
| 23:11 | Chimaera |
| 23:11 | Chimaera |
| 23:36 | Spirit of Vengeance |
| 23:52 | Chimaera |
| 26:31 | Tree of Life |
| 27:21 | Chimaera |
| Right click | 1774 |
| Select | 358 |
| Build/train/purchase | 109 |
| Use ability | 17 |
| Chat | 7 |
| Remove unit | 3 |
| Misc. action | 1 |
| Minimap ping | 1 |

| Wisp | 17 | 1020 | / | 0 |
| Archer | 7 | 910 | / | 70 |
| Huntress | 10 | 1950 | / | 200 |
| Dryad | 3 | 435 | / | 180 |
| Mountain Giant | 11 | 3850 | / | 1100 |
| total: | 48 | 8165g | / | 1550w |
| Altar of Elders | 1 | 180 | / | 50 |
| Moon Well | 8 | 1440 | / | 320 |
| Ancient of War | 1 | 150 | / | 60 |
| Hunter's Hall | 1 | 210 | / | 100 |
| Ancient of Wonders | 1 | 90 | / | 30 |
| Tree of Life | 1 | 340 | / | 185 |
| Ancient of Lore | 2 | 310 | / | 290 |
| Ancient of Wind | 1 | 150 | / | 140 |
| Tree of Ages | 1 | 320 | / | 180 |
| Tree of Eternity | 1 | 330 | / | 200 |
| total: | 16 | 2870g | / | 1175w |
| 0:03 | Wisp |
| 0:04 | Wisp |
| 0:07 | Wisp |
| 0:12 | Altar of Elders |
| 0:15 | Moon Well |
| 0:40 | Ancient of War |
| 0:45 | Wisp |
| 0:45 | Wisp |
| 1:21 | Wisp |
| 1:42 | Archer |
| 1:42 | Archer |
| 1:42 | Archer |
| 1:58 | Hunter's Hall |
| 2:13 | Moon Well |
| 2:22 | Trueshot Aura |
| 2:51 | Moon Well |
| 3:02 | Wisp |
| 3:02 | Wisp |
| 3:24 | Huntress |
| 3:37 | Huntress |
| 3:40 | Wisp |
| 3:51 | Moon Well |
| 4:27 | Tree of Ages |
| 4:52 | Huntress |
| 5:08 | Searing Arrows |
| 5:20 | Huntress |
| 5:20 | Archer |
| 5:25 | Strength of the Moon |
| 5:34 | Archer |
| 5:56 | Archer |
| 6:02 | Huntress |
| 6:18 | Moon Armor |
| 6:49 | Huntress |
| 6:51 | Tree of Eternity |
| 7:45 | Huntress |
| 7:45 | Huntress |
| 7:50 | Archer |
| 8:02 | Trueshot Aura |
| 8:06 | Ancient of Lore |
| 8:09 | Ancient of Lore |
| 8:14 | Strength of the Wild |
| 8:23 | Moon Well |
| 9:29 | Dryad |
| 9:31 | Huntress |
| 9:40 | Ancient of Wind |
| 9:44 | Ancient of Wonders |
| 9:51 | Huntress |
| 10:10 | Wisp |
| 10:10 | Wisp |
| 10:10 | Wisp |
| 10:23 | Reinforced Hides |
| 10:54 | Hardened Skin |
| 10:58 | Mountain Giant |
| 11:10 | Mountain Giant |
| 11:29 | Scout |
| 11:41 | Moon Well |
| 12:17 | Mountain Giant |
| 12:47 | Moon Well |
| 13:35 | Mountain Giant |
| 13:41 | Wisp |
| 14:24 | Tree of Life |
| 15:05 | Resistant Skin |
| 15:09 | Improved Reinforced Hides |
| 16:37 | Mountain Giant |
| 16:39 | Mountain Giant |
| 17:30 | Wisp |
| 17:40 | Mountain Giant |
| 18:54 | Mountain Giant |
| 19:03 | Wisp |
| 19:03 | Wisp |
| 19:03 | Wisp |
| 20:49 | Mountain Giant |
| 21:10 | Moon Well |
| 22:01 | Mountain Giant |
| 23:57 | Mountain Giant |
| 24:02 | Dryad |
| 24:03 | Dryad |
| Right click | 800 |
| Select | 436 |
| Chat | 253 |
| Build/train/purchase | 67 |
| Resource trade | 23 |
| Remove unit | 7 |
| Use ability | 5 |
| Minimap ping | 2 |
| Esc | 1 |
76 units @ 6.6k
/ 0.2k
342 buildings @ 14.9k
/ 8.3k
iggythefisk
(27:32) : 


x1)
| Staff of Sanctuary | 3 | 750 |
| Orb of Fire | 3 | 975 |
| Scroll of Regeneration | 1 | 100 |
| Boots of Speed | 3 | 750 |
| Staff of Teleportation | 3 | 450 |
| Tome of Retraining | 1 | 300 |
| total: | 14 | 3325g |
| Peasant | 23 | 1725 | / | 0 |
| Priest | 2 | 270 | / | 20 |
| total: | 25 | 1995g | / | 20w |
| Scout Tower | 98 | 2940 | / | 1960 |
| Arcane Tower | 5 | 350 | / | 250 |
| Guard Tower | 43 | 3010 | / | 2150 |
| Altar of Kings | 1 | 180 | / | 50 |
| Lumber Mill | 1 | 120 | / | 0 |
| Farm | 4 | 320 | / | 80 |
| Town Hall | 1 | 385 | / | 205 |
| Arcane Vault | 3 | 390 | / | 90 |
| Arcane Sanctum | 1 | 150 | / | 140 |
| Keep | 1 | 320 | / | 210 |
| Castle | 1 | 360 | / | 210 |
| total: | 109 | 4485g | / | 2525w |
| 0:02 | Peasant |
| 0:06 | Altar of Kings |
| 0:11 | Peasant |
| 0:21 | Lumber Mill |
| 0:22 | Peasant |
| 0:33 | Farm |
| 0:34 | Peasant |
| 0:49 | Peasant |
| 0:54 | Peasant |
| 0:58 | Farm |
| 1:16 | Peasant |
| 1:25 | Scout Tower |
| 1:28 | Improved Masonry |
| 1:32 | Peasant |
| 1:40 | Scout Tower |
| 1:42 | Peasant |
| 1:51 | Arcane Tower |
| 1:56 | Peasant |
| 2:05 | Peasant |
| 2:08 | Summon Water Elemental |
| 2:15 | Arcane Tower |
| 2:16 | Peasant |
| 2:19 | Scout Tower |
| 2:23 | Peasant |
| 2:48 | Scout Tower |
| 2:48 | Guard Tower |
| 2:58 | Peasant |
| 3:28 | Scout Tower |
| 3:29 | Guard Tower |
| 3:43 | Brilliance Aura |
| 3:53 | Scout Tower |
| 3:54 | Guard Tower |
| 4:10 | Keep |
| 4:13 | Farm |
| 4:24 | Scout Tower |
| 4:25 | Guard Tower |
| 4:46 | Scout Tower |
| 4:50 | Guard Tower |
| 5:08 | Scout Tower |
| 5:40 | Town Hall |
| 5:42 | Scout Tower |
| 5:43 | Scout Tower |
| 5:43 | Scout Tower |
| 6:11 | Summon Water Elemental |
| 6:13 | Arcane Tower |
| 6:14 | Scout Tower |
| 6:16 | Scout Tower |
| 6:28 | Guard Tower |
| 6:29 | Guard Tower |
| 6:36 | Boots of Speed |
| 6:37 | Staff of Teleportation |
| 7:07 | Scout Tower |
| 7:08 | Scout Tower |
| 7:09 | Scout Tower |
| 7:09 | Guard Tower |
| 7:20 | Farm |
| 7:37 | Improved Lumber Harvesting |
| 7:37 | Advanced Masonry |
| 7:38 | Peasant |
| 8:00 | Guard Tower |
| 8:02 | Scout Tower |
| 8:02 | Scout Tower |
| 8:16 | Storm Bolt |
| 8:48 | Castle |
| 8:52 | Peasant |
| 8:52 | Peasant |
| 8:52 | Peasant |
| 8:54 | Guard Tower |
| 8:55 | Scout Tower |
| 8:56 | Scout Tower |
| 9:22 | Scout Tower |
| 9:23 | Scout Tower |
| 9:24 | Scout Tower |
| 9:24 | Scout Tower |
| 9:24 | Scout Tower |
| 9:25 | Scout Tower |
| 9:25 | Guard Tower |
| 9:28 | Arcane Sanctum |
| 9:31 | Guard Tower |
| 9:33 | Peasant |
| 9:33 | Peasant |
| 9:36 | Arcane Vault |
| 9:40 | Arcane Vault |
| 10:05 | Scout Tower |
| 10:06 | Scout Tower |
| 10:06 | Guard Tower |
| 10:10 | Boots of Speed |
| 10:10 | Staff of Teleportation |
| 10:25 | Arcane Tower |
| 10:26 | Guard Tower |
| 10:30 | Brilliance Aura |
| 10:37 | Scout Tower |
| 10:38 | Scout Tower |
| 10:44 | Guard Tower |
| 10:46 | Scout Tower |
| 10:46 | Scout Tower |
| 10:47 | Scout Tower |
| 10:48 | Peasant |
| 10:48 | Peasant |
| 10:48 | Peasant |
| 11:12 | Magic Sentry |
| 11:13 | Guard Tower |
| 11:26 | Bash |
| 11:32 | Guard Tower |
| 11:43 | Arcane Tower |
| 11:46 | Guard Tower |
| 11:50 | Imbued Masonry |
| 11:50 | Advanced Lumber Harvesting |
| 11:51 | Priest Adept Training |
| 11:51 | Priest |
| 12:06 | Guard Tower |
| 12:07 | Scout Tower |
| 12:08 | Scout Tower |
| 12:08 | Scout Tower |
| 12:10 | Holy Light |
| 12:20 | Guard Tower |
| 12:21 | Scout Tower |
| 12:22 | Scout Tower |
| 12:24 | Boots of Speed |
| 12:24 | Staff of Teleportation |
| 12:45 | Arcane Vault |
| 12:47 | Scout Tower |
| 12:47 | Scout Tower |
| 12:47 | Scout Tower |
| 12:51 | Guard Tower |
| 12:53 | Scout Tower |
| 12:53 | Scout Tower |
| 12:54 | Scout Tower |
| 13:22 | Guard Tower |
| 13:23 | Scout Tower |
| 13:24 | Scout Tower |
| 13:24 | Scout Tower |
| 13:28 | Scout Tower |
| 13:31 | Guard Tower |
| 13:33 | Scout Tower |
| 13:50 | Tome of Retraining |
| 13:50 | Retrain Hero |
| 13:52 | Blizzard |
| 13:52 | Brilliance Aura |
| 14:15 | Storm Bolt |
| 14:20 | Guard Tower |
| 14:27 | Staff of Sanctuary |
| 14:27 | Orb of Fire |
| 14:33 | Staff of Sanctuary |
| 14:34 | Orb of Fire |
| 14:44 | Divine Shield |
| 14:50 | Guard Tower |
| 14:52 | Scout Tower |
| 14:52 | Scout Tower |
| 14:53 | Scout Tower |
| 15:29 | Guard Tower |
| 15:30 | Scout Tower |
| 15:32 | Scout Tower |
| 15:34 | Scout Tower |
| 15:46 | Staff of Sanctuary |
| 15:46 | Orb of Fire |
| 17:01 | Priest Master Training |
| 17:01 | Priest |
| 17:03 | Guard Tower |
| 17:04 | Guard Tower |
| 17:06 | Scout Tower |
| 17:06 | Scout Tower |
| 17:07 | Scout Tower |
| 17:09 | Scout Tower |
| 17:10 | Guard Tower |
| 17:12 | Scout Tower |
| 17:13 | Scout Tower |
| 17:13 | Scout Tower |
| 17:36 | Guard Tower |
| 17:39 | Scout Tower |
| 17:40 | Scout Tower |
| 17:41 | Scout Tower |
| 17:41 | Scout Tower |
| 17:42 | Scout Tower |
| 17:42 | Scout Tower |
| 17:42 | Scout Tower |
| 18:24 | Guard Tower |
| 18:25 | Scout Tower |
| 19:09 | Guard Tower |
| 19:10 | Scout Tower |
| 19:40 | Blizzard |
| 20:10 | Bash |
| 20:36 | Holy Light |
| 20:49 | Guard Tower |
| 20:51 | Scout Tower |
| 20:52 | Scout Tower |
| 20:52 | Scout Tower |
| 20:53 | Scout Tower |
| 20:53 | Scout Tower |
| 20:54 | Scout Tower |
| 20:55 | Guard Tower |
| 20:56 | Scout Tower |
| 20:57 | Scout Tower |
| 22:32 | Guard Tower |
| 22:40 | Guard Tower |
| 23:16 | Guard Tower |
| 23:17 | Scout Tower |
| 23:18 | Scout Tower |
| 23:47 | Guard Tower |
| 23:48 | Scout Tower |
| 23:48 | Scout Tower |
| 23:49 | Scout Tower |
| 23:50 | Scout Tower |
| 23:51 | Scout Tower |
| 23:51 | Scout Tower |
| 23:55 | Scroll of Regeneration |
| 24:19 | Guard Tower |
| 24:24 | Scout Tower |
| 24:25 | Scout Tower |
| 24:25 | Guard Tower |
| 25:30 | Guard Tower |
| 25:33 | Scout Tower |
| 25:34 | Scout Tower |
| 25:35 | Scout Tower |
| 25:35 | Scout Tower |
| 25:37 | Scout Tower |
| 25:37 | Scout Tower |
| 26:19 | Guard Tower |
| 26:30 | Guard Tower |
| 26:31 | Scout Tower |
| 26:32 | Scout Tower |
| Right click | 1608 |
| Select group | 970 |
| Assign group | 520 |
| Select | 431 |
| Chat | 347 |
| Build/train/purchase | 164 |
| Use ability | 114 |
| Misc. action | 47 |
| Resource trade | 35 |
| Item give/drop | 10 |



x1)
| Staff of Sanctuary | 3 | 750 |
| Orb of Fire | 2 | 650 |
| Boots of Speed | 3 | 750 |
| Staff of Teleportation | 3 | 450 |
| Tome of Retraining | 1 | 300 |
| total: | 12 | 2900g |
| Peasant | 14 | 1050 | / | 0 |
| Priest | 1 | 135 | / | 10 |
| Dragonhawk Rider | 4 | 800 | / | 120 |
| total: | 19 | 1985g | / | 130w |
| Scout Tower | 79 | 2370 | / | 1580 |
| Arcane Tower | 5 | 350 | / | 250 |
| Guard Tower | 39 | 2730 | / | 1950 |
| Altar of Kings | 1 | 180 | / | 50 |
| Farm | 8 | 640 | / | 160 |
| Lumber Mill | 1 | 120 | / | 0 |
| Arcane Vault | 3 | 390 | / | 90 |
| Blacksmith | 1 | 140 | / | 60 |
| Barracks | 1 | 160 | / | 60 |
| Town Hall | 1 | 385 | / | 205 |
| Arcane Sanctum | 1 | 150 | / | 140 |
| Gryphon Aviary | 1 | 140 | / | 150 |
| Keep | 2 | 640 | / | 420 |
| Castle | 1 | 360 | / | 210 |
| total: | 97 | 4675g | / | 2495w |
| 0:01 | Peasant |
| 0:02 | Peasant |
| 0:09 | Altar of Kings |
| 0:19 | Farm |
| 0:28 | Peasant |
| 0:39 | Peasant |
| 0:43 | Farm |
| 0:50 | Lumber Mill |
| 0:59 | Peasant |
| 1:08 | Scout Tower |
| 1:13 | Peasant |
| 1:19 | Peasant |
| 1:24 | Scout Tower |
| 1:27 | Peasant |
| 1:38 | Arcane Tower |
| 1:45 | Peasant |
| 1:56 | Scout Tower |
| 2:01 | Arcane Tower |
| 2:07 | Summon Water Elemental |
| 2:15 | Scout Tower |
| 2:18 | Scout Tower |
| 2:25 | Scout Tower |
| 2:31 | Guard Tower |
| 2:33 | Peasant |
| 2:33 | Peasant |
| 2:34 | Peasant |
| 2:49 | Guard Tower |
| 2:50 | Peasant |
| 2:52 | Improved Masonry |
| 3:00 | Guard Tower |
| 3:02 | Scout Tower |
| 3:29 | Guard Tower |
| 3:31 | Scout Tower |
| 3:32 | Scout Tower |
| 3:40 | Peasant |
| 3:43 | Brilliance Aura |
| 3:48 | Guard Tower |
| 4:07 | Keep |
| 4:14 | Guard Tower |
| 4:16 | Scout Tower |
| 4:17 | Scout Tower |
| 4:20 | Farm |
| 4:54 | Guard Tower |
| 4:59 | Scout Tower |
| 5:00 | Scout Tower |
| 5:15 | Guard Tower |
| 5:17 | Farm |
| 5:22 | Farm |
| 5:36 | Guard Tower |
| 5:58 | Summon Water Elemental |
| 6:05 | Guard Tower |
| 6:07 | Scout Tower |
| 6:08 | Scout Tower |
| 6:08 | Scout Tower |
| 6:09 | Scout Tower |
| 6:09 | Scout Tower |
| 6:20 | Scout Tower |
| 6:21 | Scout Tower |
| 6:23 | Scout Tower |
| 6:23 | Scout Tower |
| 6:52 | Boots of Speed |
| 6:59 | Staff of Teleportation |
| 7:04 | Arcane Tower |
| 7:05 | Guard Tower |
| 7:09 | Arcane Sanctum |
| 7:16 | Guard Tower |
| 7:27 | Guard Tower |
| 7:38 | Scout Tower |
| 7:38 | Scout Tower |
| 7:39 | Guard Tower |
| 7:48 | Guard Tower |
| 8:40 | Storm Bolt |
| 9:26 | Castle |
| 9:28 | Guard Tower |
| 9:29 | Scout Tower |
| 9:30 | Scout Tower |
| 9:30 | Scout Tower |
| 9:31 | Scout Tower |
| 9:31 | Scout Tower |
| 10:04 | Magic Sentry |
| 10:04 | Priest |
| 10:05 | Advanced Masonry |
| 10:05 | Imbued Masonry |
| 10:19 | Arcane Vault |
| 10:22 | Arcane Vault |
| 10:31 | Bash |
| 11:10 | Brilliance Aura |
| 11:29 | Arcane Tower |
| 11:29 | Guard Tower |
| 11:30 | Guard Tower |
| 11:41 | Improved Lumber Harvesting |
| 11:54 | Staff of Sanctuary |
| 12:23 | Scout Tower |
| 12:25 | Guard Tower |
| 12:30 | Gryphon Aviary |
| 12:31 | Blacksmith |
| 12:45 | Holy Light |
| 12:55 | Orb of Fire |
| 13:38 | Staff of Sanctuary |
| 13:45 | Boots of Speed |
| 13:46 | Staff of Teleportation |
| 13:52 | Guard Tower |
| 13:53 | Scout Tower |
| 13:54 | Scout Tower |
| 14:41 | Guard Tower |
| 14:43 | Storm Bolt |
| 14:52 | Scout Tower |
| 14:53 | Scout Tower |
| 14:53 | Scout Tower |
| 14:54 | Scout Tower |
| 15:39 | Divine Shield |
| 16:08 | Boots of Speed |
| 16:08 | Staff of Teleportation |
| 18:24 | Orb of Fire |
| 18:24 | Staff of Sanctuary |
| 18:30 | Guard Tower |
| 18:35 | Scout Tower |
| 18:35 | Scout Tower |
| 18:36 | Scout Tower |
| 18:36 | Scout Tower |
| 18:36 | Scout Tower |
| 18:58 | Farm |
| 18:59 | Farm |
| 19:02 | Farm |
| 19:03 | Iron Forged Swords |
| 19:04 | Studded Leather Armor |
| 19:05 | Barracks |
| 19:37 | Brilliance Aura |
| 20:35 | Bash |
| 20:56 | Scout Tower |
| 20:57 | Scout Tower |
| 20:58 | Scout Tower |
| 20:58 | Scout Tower |
| 20:58 | Scout Tower |
| 20:59 | Scout Tower |
| 20:59 | Scout Tower |
| 21:00 | Scout Tower |
| 21:00 | Scout Tower |
| 21:01 | Scout Tower |
| 21:01 | Scout Tower |
| 21:01 | Scout Tower |
| 21:02 | Scout Tower |
| 21:03 | Scout Tower |
| 21:03 | Scout Tower |
| 21:04 | Scout Tower |
| 21:04 | Scout Tower |
| 21:05 | Scout Tower |
| 21:06 | Scout Tower |
| 21:06 | Scout Tower |
| 21:11 | Guard Tower |
| 21:12 | Steel Forged Swords |
| 21:13 | Dragonhawk Rider |
| 21:24 | Animal War Training |
| 21:29 | Guard Tower |
| 21:30 | Guard Tower |
| 21:39 | Scout Tower |
| 21:39 | Scout Tower |
| 21:40 | Scout Tower |
| 21:40 | Scout Tower |
| 21:41 | Scout Tower |
| 21:41 | Scout Tower |
| 21:41 | Scout Tower |
| 21:42 | Scout Tower |
| 21:42 | Scout Tower |
| 21:43 | Scout Tower |
| 21:48 | Dragonhawk Rider |
| 21:53 | Reinforced Leather Armor |
| 21:55 | Guard Tower |
| 21:55 | Guard Tower |
| 22:13 | Guard Tower |
| 22:24 | Guard Tower |
| 22:39 | Holy Light |
| 22:48 | Guard Tower |
| 22:50 | Scout Tower |
| 22:51 | Scout Tower |
| 22:52 | Scout Tower |
| 22:52 | Scout Tower |
| 22:53 | Scout Tower |
| 23:07 | Guard Tower |
| 23:10 | Mithril Forged Swords |
| 23:11 | Dragonhawk Rider |
| 23:11 | Dragonhawk Rider |
| 24:11 | Dragonhide Armor |
| 24:33 | Guard Tower |
| 24:37 | Scout Tower |
| 24:37 | Scout Tower |
| 24:38 | Scout Tower |
| 24:41 | Town Hall |
| 25:06 | Guard Tower |
| 25:06 | Guard Tower |
| 25:09 | Arcane Vault |
| 26:40 | Devotion Aura |
| 27:13 | Tome of Retraining |
| 27:13 | Retrain Hero |
| 27:15 | Holy Light |
| 27:15 | Divine Shield |
| 27:16 | Holy Light |
| 27:16 | Divine Shield |
| 27:19 | Mass Teleport |
| Right click | 2275 |
| Select | 601 |
| Select group | 400 |
| Chat | 395 |
| Build/train/purchase | 190 |
| Use ability | 73 |
| Assign group | 55 |
| Misc. action | 17 |
| Minimap ping | 14 |
| Resource trade | 12 |
| Item give/drop | 3 |



x1)
| Staff of Sanctuary | 3 | 750 |
| Orb of Fire | 2 | 650 |
| Staff of Teleportation | 3 | 450 |
| Boots of Speed | 3 | 750 |
| Periapt of Vitality | 3 | 975 |
| Tome of Retraining | 1 | 300 |
| total: | 15 | 3875g |
| Peasant | 29 | 2175 | / | 0 |
| Sorceress | 2 | 310 | / | 40 |
| Priest | 1 | 135 | / | 10 |
| total: | 32 | 2620g | / | 50w |
| Scout Tower | 122 | 3660 | / | 2440 |
| Arcane Tower | 5 | 350 | / | 250 |
| Guard Tower | 27 | 1890 | / | 1350 |
| Altar of Kings | 1 | 180 | / | 50 |
| Farm | 6 | 480 | / | 120 |
| Lumber Mill | 1 | 120 | / | 0 |
| Arcane Vault | 3 | 390 | / | 90 |
| Town Hall | 2 | 770 | / | 410 |
| Arcane Sanctum | 1 | 150 | / | 140 |
| Keep | 2 | 640 | / | 420 |
| Castle | 2 | 720 | / | 420 |
| total: | 136 | 5750g | / | 3250w |
| 0:04 | Peasant |
| 0:04 | Peasant |
| 0:09 | Altar of Kings |
| 0:11 | Peasant |
| 0:12 | Peasant |
| 0:16 | Farm |
| 0:51 | Peasant |
| 1:03 | Scout Tower |
| 1:07 | Farm |
| 1:11 | Peasant |
| 1:20 | Lumber Mill |
| 1:25 | Peasant |
| 1:31 | Scout Tower |
| 1:31 | Arcane Tower |
| 1:36 | Peasant |
| 1:36 | Peasant |
| 1:47 | Peasant |
| 1:52 | Peasant |
| 2:00 | Scout Tower |
| 2:02 | Peasant |
| 2:02 | Peasant |
| 2:22 | Guard Tower |
| 2:25 | Scout Tower |
| 2:26 | Summon Water Elemental |
| 2:28 | Guard Tower |
| 2:30 | Peasant |
| 2:59 | Guard Tower |
| 3:32 | Peasant |
| 3:32 | Peasant |
| 4:27 | Keep |
| 4:29 | Improved Masonry |
| 4:32 | Farm |
| 4:33 | Farm |
| 4:48 | Scout Tower |
| 4:49 | Scout Tower |
| 4:49 | Scout Tower |
| 4:55 | Staff of Teleportation |
| 4:55 | Boots of Speed |
| 5:06 | Periapt of Vitality |
| 5:23 | Guard Tower |
| 5:33 | Brilliance Aura |
| 5:55 | Scout Tower |
| 5:56 | Scout Tower |
| 6:05 | Guard Tower |
| 6:13 | Guard Tower |
| 6:16 | Scout Tower |
| 6:33 | Arcane Tower |
| 6:34 | Guard Tower |
| 6:52 | Guard Tower |
| 6:53 | Scout Tower |
| 7:14 | Castle |
| 7:31 | Arcane Sanctum |
| 7:45 | Guard Tower |
| 7:53 | Storm Bolt |
| 9:23 | Magic Sentry |
| 9:54 | Arcane Vault |
| 9:55 | Arcane Vault |
| 9:55 | Arcane Vault |
| 10:10 | Summon Water Elemental |
| 10:17 | Advanced Masonry |
| 10:19 | Sorceress |
| 10:19 | Priest |
| 10:20 | Priest Adept Training |
| 10:20 | Sorceress Adept Training |
| 10:33 | Scout Tower |
| 10:34 | Scout Tower |
| 10:34 | Scout Tower |
| 10:35 | Scout Tower |
| 10:41 | Bash |
| 10:58 | Holy Light |
| 11:26 | Scout Tower |
| 11:27 | Scout Tower |
| 11:28 | Scout Tower |
| 11:29 | Scout Tower |
| 11:30 | Scout Tower |
| 11:32 | Scout Tower |
| 11:32 | Scout Tower |
| 11:33 | Scout Tower |
| 11:33 | Scout Tower |
| 11:34 | Scout Tower |
| 11:34 | Scout Tower |
| 11:44 | Farm |
| 11:44 | Farm |
| 11:46 | Imbued Masonry |
| 11:46 | Improved Lumber Harvesting |
| 11:57 | Guard Tower |
| 12:35 | Divine Shield |
| 12:42 | Town Hall |
| 12:45 | Guard Tower |
| 13:06 | Guard Tower |
| 13:14 | Storm Bolt |
| 13:47 | Scout Tower |
| 13:48 | Scout Tower |
| 13:48 | Scout Tower |
| 13:49 | Scout Tower |
| 13:49 | Scout Tower |
| 13:51 | Scout Tower |
| 13:52 | Scout Tower |
| 13:52 | Scout Tower |
| 13:53 | Scout Tower |
| 14:00 | Sorceress Master Training |
| 14:00 | Priest Master Training |
| 14:13 | Staff of Sanctuary |
| 14:17 | Staff of Sanctuary |
| 14:21 | Staff of Sanctuary |
| 14:27 | Guard Tower |
| 14:30 | Guard Tower |
| 14:53 | Boots of Speed |
| 14:55 | Boots of Speed |
| 15:13 | Brilliance Aura |
| 15:19 | Guard Tower |
| 15:24 | Peasant |
| 15:24 | Peasant |
| 15:28 | Scout Tower |
| 15:29 | Scout Tower |
| 15:29 | Scout Tower |
| 15:31 | Scout Tower |
| 15:31 | Scout Tower |
| 15:32 | Scout Tower |
| 15:33 | Scout Tower |
| 15:33 | Scout Tower |
| 15:34 | Scout Tower |
| 15:34 | Scout Tower |
| 15:35 | Scout Tower |
| 15:35 | Scout Tower |
| 15:38 | Advanced Lumber Harvesting |
| 17:20 | Holy Light |
| 17:40 | Scout Tower |
| 17:41 | Scout Tower |
| 17:41 | Scout Tower |
| 17:42 | Scout Tower |
| 17:42 | Scout Tower |
| 17:43 | Scout Tower |
| 18:07 | Peasant |
| 18:07 | Peasant |
| 18:07 | Peasant |
| 18:07 | Peasant |
| 18:08 | Peasant |
| 18:19 | Staff of Teleportation |
| 18:37 | Guard Tower |
| 18:44 | Scout Tower |
| 18:45 | Scout Tower |
| 18:46 | Scout Tower |
| 18:46 | Scout Tower |
| 18:47 | Scout Tower |
| 18:47 | Scout Tower |
| 18:48 | Scout Tower |
| 18:48 | Scout Tower |
| 18:50 | Scout Tower |
| 18:50 | Scout Tower |
| 18:51 | Scout Tower |
| 18:51 | Scout Tower |
| 18:52 | Scout Tower |
| 18:52 | Scout Tower |
| 18:53 | Scout Tower |
| 18:53 | Scout Tower |
| 19:03 | Scout Tower |
| 19:04 | Scout Tower |
| 19:04 | Scout Tower |
| 19:05 | Scout Tower |
| 19:05 | Scout Tower |
| 19:06 | Scout Tower |
| 19:39 | Guard Tower |
| 19:55 | Guard Tower |
| 19:58 | Peasant |
| 19:58 | Peasant |
| 19:59 | Peasant |
| 19:59 | Peasant |
| 20:01 | Sorceress |
| 20:20 | Guard Tower |
| 20:21 | Scout Tower |
| 20:22 | Scout Tower |
| 20:22 | Scout Tower |
| 20:23 | Scout Tower |
| 20:51 | Guard Tower |
| 20:55 | Peasant |
| 20:55 | Peasant |
| 21:19 | Staff of Teleportation |
| 21:19 | Periapt of Vitality |
| 21:29 | Periapt of Vitality |
| 21:38 | Orb of Fire |
| 21:43 | Scout Tower |
| 21:44 | Scout Tower |
| 21:44 | Scout Tower |
| 21:45 | Scout Tower |
| 21:46 | Guard Tower |
| 22:01 | Guard Tower |
| 22:02 | Guard Tower |
| 22:08 | Scout Tower |
| 22:08 | Scout Tower |
| 22:09 | Scout Tower |
| 22:10 | Scout Tower |
| 22:11 | Scout Tower |
| 22:11 | Scout Tower |
| 22:12 | Scout Tower |
| 22:13 | Scout Tower |
| 22:14 | Scout Tower |
| 22:15 | Scout Tower |
| 22:22 | Guard Tower |
| 22:31 | Bash |
| 22:35 | Tome of Retraining |
| 22:35 | Retrain Hero |
| 22:36 | Brilliance Aura |
| 22:37 | Blizzard |
| 22:37 | Brilliance Aura |
| 22:38 | Blizzard |
| 22:48 | Guard Tower |
| 24:21 | Scout Tower |
| 24:22 | Scout Tower |
| 24:22 | Scout Tower |
| 24:27 | Arcane Tower |
| 24:31 | Arcane Tower |
| 25:04 | Scout Tower |
| 25:05 | Scout Tower |
| 25:06 | Scout Tower |
| 25:07 | Scout Tower |
| 25:07 | Scout Tower |
| 25:09 | Scout Tower |
| 25:09 | Scout Tower |
| 25:10 | Scout Tower |
| 25:10 | Scout Tower |
| 25:10 | Scout Tower |
| 25:11 | Scout Tower |
| 25:11 | Scout Tower |
| 25:12 | Scout Tower |
| 25:12 | Scout Tower |
| 25:13 | Scout Tower |
| 25:13 | Scout Tower |
| 25:14 | Scout Tower |
| 25:14 | Scout Tower |
| 25:15 | Scout Tower |
| 25:15 | Scout Tower |
| 25:16 | Scout Tower |
| 25:17 | Scout Tower |
| 25:18 | Scout Tower |
| 25:19 | Scout Tower |
| 25:19 | Scout Tower |
| 25:20 | Scout Tower |
| 25:32 | Orb of Fire |
| 26:01 | Devotion Aura |
| 26:20 | Brilliance Aura |
| 26:26 | Guard Tower |
| 27:21 | Guard Tower |
| 27:25 | Town Hall |
| Select group | 2271 |
| Right click | 2002 |
| Chat | 985 |
| Select | 330 |
| Build/train/purchase | 176 |
| Misc. action | 104 |
| Use ability | 102 |
| Item give/drop | 10 |
| Minimap ping | 10 |
| Assign group | 8 |
| Esc | 3 |
⇛